 Dungeon Crawl Stone Soup version 0.29.0-4-gdea44cf6ec (webtiles) character file.

Game seed: 14902675345507129257

263 qw the Chopper (level 5, 0/41 HPs)
             Began as a Demonspawn Cinder Acolyte on Sept 9, 2022.
             Was a Priest of Ignis.
             Slain by a lemure (2 damage)
             ... led by Pikel
             ... on level 4 of the Dungeon.
             The game lasted 00:01:21 (4253 turns).

qw the Chopper (Demonspawn Cinder Acolyte)          Turns: 4253, Time: 00:01:22

Health: 0/41       AC: 20    Str: 13 (16) XL:     5   Next: 98%
Magic:  6/6        EV:  5    Int: 15 (16) God:    Ignis [***...]
Gold:   166        SH:  7    Dex:  6 (8)  Spells: 6/6 levels left

rFire   + . .      SeeInvis +   Y - +1 war axe
rCold   . . .      Faith    .   j - +0 buckler
rNeg    . . .      Spirit   .   f - +0 chain mail
rPois   .          Reflect  .   i - +0 helmet
rElec   .          Harm     .   l - +2 cloak
rCorr   .          Rampage  .   (no gloves)
Will    .....                   (no boots)
Stlth   ..........              (no amulet)
HPRegen 0.13/turn               b - ring of see invisible
MPRegen 0.10/turn               (no ring)

@: fiery-armoured
A: demonic guardian 1, condensation shield
a: Renounce Religion, Fiery Armour, Foxfire Swarm, Rising Flame


You were on level 4 of the Dungeon.
You worshipped Ignis.
Ignis was most pleased with you.
You visited 1 branch of the dungeon, and saw 4 of its levels.

You collected 166 gold pieces.


Innate Abilities, Weirdness & Mutations

A weak demonic guardian rushes to your aid.
A meltable shield of frost defends you. (SH +4)


   Skills:
 - Level 3.0 Fighting
 + Level 5.0 Axes
 - Level 1.0 Throwing
 - Level 2.5 Armour
 - Level 1.1 Shields
 - Level 1.0 Spellcasting
 - Level 2.6 Fire Magic


You had 6 spell levels left.
You didn't know any spells.
Your spell library contained the following spells:

 Spells                   Type           Power      Damage    Failure   Level
 Scorch                   Fire           16%        2d6       99%         2

Inventory:

Hand Weapons
 c - a -1 hand axe of flaming
 Y - a +1 war axe (weapon)
Armour
 f - a +0 chain mail (worn)
 i - a +0 helmet (worn)
 j - a +0 buckler (worn)
 l - a +2 cloak (worn)
Jewellery
 b - a ring of see invisible (left hand)
 e - a +4 ring of evasion
Scrolls
 h - a scroll of identify
Potions
 a - a potion of brilliance {unknown}
 d - a potion of flight {unknown}
 k - a potion of might
 m - a potion of lignification {unknown}
 q - a potion of invisibility {unknown}
 t - a potion of berserk rage
 u - a potion of mutation {unknown}
 v - a potion of resistance {unknown}

Dungeon Overview and Level Annotations

Branches:
Dungeon (4/15)
 Temple: D:4-7

Altars:
Hepliaklqana
Makhleb

Shops:
D:2 (   D:4 :

Annotations:
D:4 Pikel


Message History

You hit Pikel but do no damage. The lemure hits you.
Pikel drinks a potion.
Pikel goes berserk!
You slash the lemure!
The lemure is severely wounded.
You closely miss Pikel.
Pikel hits you with a +2 whip of electrocution.
The lemure hits you but does no damage. You block Pikel's attack.
You barely miss the lemure.
The lemure is severely wounded.
You hit the lemure but do no damage. You barely miss Pikel.
Pikel hits you but does no damage.
You are electrocuted!
The lemure barely misses you. You block the lemure's attack.
Pikel hits you with a +2 whip of electrocution.
4251 ||| INVOKING Fiery Armour.
A protective cloak of flame settles atop you.
You block the lemure's attack. x2
Pikel hits you with a +2 whip of electrocution.
A demonic guardian appears!
Pikel is burned by your cloak of flames.
Pikel is lightly wounded.
You hit the lemure.
The lemure is severely wounded.
You hit Pikel. You hit the lemure. You block Pikel's attack.
The lemure hits you but does no damage.
The lemure is burned by your cloak of flames.
The lemure is lightly wounded.
The lemure hits you. Pikel hits you but does no damage.
Pikel is burned by your cloak of flames.
Pikel is lightly wounded.
Your shadow imp hits the lemure but does no damage.
You block the lemure's attack. The lemure completely misses you.
You hit the lemure.
The lemure is almost dead.
You barely miss Pikel. You closely miss the lemure. Pikel barely misses you.
Your shadow imp hits the lemure.
You block Pikel's attack. The lemure hits you.
The lemure is burned by your cloak of flames.
The lemure is moderately wounded.
The lemure hits you.
You die...

########.......
######### #....#####
........# #.#..# #
########.###.#..# #
.............##.# #
...#######...#####.#####
...........#.>..........
.#####.##......#.#.####
##@###.###.#.#.####
......5K55..# #.........
........#...###.....####
....................## #
...###..#...###......# #
.. #..#..#...#<..#.### .
#..#..####.......##
###..................
......#.#####.........


You could see Pikel (berserk), 2 lemures and a friendly shadow imp (summoned).

Vanquished Creatures
  An ogre (D:4)
  2 lemures (D:4)
  Robin (D:3)
  4 adders
  2 gnolls (D:2)
  2 dart slugs
  An orc (D:3)
  8 ball pythons
  4 endoplasms
  3 giant cockroaches
  12 goblins
  12 hobgoblins
  8 jackals
  5 quokkas
  7 bats
  4 frilled lizards
  15 kobolds
  5 rats
96 creatures vanquished.

Vanquished Creatures (collateral kills)
  A gnoll (D:2)
1 creature vanquished.

Vanquished Creatures (others)
  A withered plant (D:3)
1 creature vanquished.

Grand Total: 98 creatures vanquished

Notes
Turn   | Place    | Note
-------+----------+-------------------------------------------
     0 | D:1      | qw the Demonspawn Cinder Acolyte began the quest for the
                  | Orb.
     0 | D:1      | Reached XP level 1. HP: 18/18 MP: 2/2
     0 | D:1      | 0 ||| qw: Version: 0.1-a-113-g051387a
     0 | D:1      | 0 ||| qw: Game counter: 7317
     0 | D:1      | 0 ||| qw: Always use a shield: true
     0 | D:1      | 0 ||| qw: God list: Okawaru
     0 | D:1      | 0 ||| qw: Allow faded altars: false
     0 | D:1      | 0 ||| qw: Do Orc after D:15 true
     0 | D:1      | 0 ||| qw: Do second Lair branch before Depths: true
     0 | D:1      | 0 ||| qw: Lair rune preference: random
     0 | D:1      | 0 ||| qw: Plans: Normal
     0 | D:1      | 0 ||| PLANNING D:1-11
    73 | D:1      | 73 ||| Stepping ~*~*~tactically~*~*~ (hiding).
    76 | D:1      | Reached skill level 3 in Axes
    77 | D:1      | 77 ||| Stepping ~*~*~tactically~*~*~ (stealth).
    78 | D:1      | 78 ||| Stepping ~*~*~tactically~*~*~ (stealth).
    85 | D:1      | 85 ||| INVOKING Fiery Armour.
    87 | D:1      | Gained mutation: A weak demonic guardian rushes to your
                  | aid. [demonic ancestry]
    87 | D:1      | Reached XP level 2. HP: 11/24 MP: 3/3
   321 | D:1      | 321 ||| Stepping ~*~*~tactically~*~*~ (stealth).
   325 | D:1      | 325 ||| Stepping ~*~*~tactically~*~*~ (stealth).
   326 | D:1      | 326 ||| Stepping ~*~*~tactically~*~*~ (stealth).
   355 | D:1      | 355 ||| Stepping ~*~*~tactically~*~*~ (stealth).
   373 | D:1      | 373 ||| Stepping ~*~*~tactically~*~*~ (stealth).
   376 | D:1      | 376 ||| Stepping ~*~*~tactically~*~*~ (stealth).
   481 | D:1      | 481 ||| Stepping ~*~*~tactically~*~*~ (stealth).
   500 | D:1      | 500 ||| Stepping ~*~*~tactically~*~*~ (stealth).
   510 | D:1      | 510 ||| Stepping ~*~*~tactically~*~*~ (stealth).
   524 | D:1      | 524 ||| Stepping ~*~*~tactically~*~*~ (stealth).
   551 | D:1      | 551 ||| Stepping ~*~*~tactically~*~*~ (stealth).
   725 | D:1      | Gained mutation: A meltable shield of frost defends you.
                  | (SH +4) [demonic ancestry]
   725 | D:1      | Reached XP level 3. HP: 29/29 MP: 4/4
   729 | D:1      | Reached skill level 1 in Throwing
   955 | D:1      | 955 ||| Stepping ~*~*~tactically~*~*~ (stealth).
  1169 | D:1      | 1169 ||| UPGRADING to +0 ring mail.
  1179 | D:1      | 1179 ||| DROPPING +0 robe.
  1180 | D:1      | 1180 ||| UPGRADING to +0 buckler.
  1185 | D:1      | 1185 ||| UPGRADING to +2 cloak.
  1190 | D:1      | 1190 ||| READING scroll labelled KIPLUD QAOPUKO.
  1195 | D:1      | 1195 ||| READING scroll labelled COEFAGG MAMANT.
  1337 | D:1      | 1337 ||| READING scroll labelled VAL VAUHYUT.
  1338 | D:1      | 1338 ||| READING scroll labelled BETOTO USCHOD.
  1339 | D:1      | 1339 ||| READING scroll labelled WIFFEU QEXODOF.
  1340 | D:1      | 1340 ||| DRINKING 2 purple potions.
  1341 | D:1      | 1341 ||| DROPPING potion of magic.
  1526 | D:2      | Reached skill level 1 in Shields
  1763 | D:2      | 1763 ||| Stepping ~*~*~tactically~*~*~ (stealth).
  1813 | D:2      | 1813 ||| Stepping ~*~*~tactically~*~*~ (hiding).
  1815 | D:2      | Reached skill level 4 in Axes
  1817 | D:2      | 1817 ||| INVOKING Fiery Armour.
  1818 | D:2      | HP: 6/29 [gnoll/+0 spear (3)]
  1820 | D:2      | Reached XP level 4. HP: 7/35 MP: 5/5
  1825 | D:2      | HP: 3/35 [gnoll/+0 spear (5)]
  2139 | D:2      | Found Maxt's Antique Weapon Shop.
  2190 | D:2      | 2190 ||| Stepping ~*~*~tactically~*~*~ (stealth).
  2505 | D:2      | 2505 ||| UPGRADING to ring of see invisible.
  2506 | D:2      | 2506 ||| DRINKING 2 lumpy yellow potions.
  2507 | D:2      | 2507 ||| DRINKING 2 yellow potions.
  2589 | D:3      | Found a hazy altar of Hepliaklqana.
  2634 | D:3      | Reached XP level 5. HP: 38/41 MP: 6/6
  2690 | D:3      | 2690 ||| Stepping ~*~*~tactically~*~*~ (stealth).
  2698 | D:3      | Noticed Robin
  2711 | D:3      | Killed Robin
  2714 | D:3      | Reached skill level 5 in Axes
  3269 | D:3      | Found a burning altar of Makhleb.
  3332 | D:3      | Found a faded altar of an unknown god.
  3596 | D:3      | 3596 ||| SWAPPING to +0 war axe.
  3597 | D:3      | 3597 ||| UPGRADING to +0 chain mail.
  3607 | D:3      | 3607 ||| DROPPING +0 ring mail.
  3608 | D:3      | 3608 ||| UPGRADING to +0 helmet.
  3613 | D:3      | 3613 ||| READING scroll labelled IDEINA YFEEHEW.
  3614 | D:3      | 3614 ||| READING scroll labelled DEEMOH SIZUFE.
  3615 | D:3      | 3615 ||| READING scroll labelled AFIBOR OPRAM.
  3616 | D:3      | 3616 ||| READING scroll labelled UKKUHO LOEBBEN.
  3617 | D:3      | 3617 ||| DRINKING 2 golden potions.
  3618 | D:3      | 3618 ||| DROPPING potion of degeneration.
  3633 | D:4      | Noticed a lemure
  3633 | D:4      | Noticed a lemure
  3638 | D:4      | Noticed a lemure
  3639 | D:4      | 3639 ||| Stepping ~*~*~tactically~*~*~ (stealth).
  3649 | D:4      | 3649 ||| INVOKING Fiery Armour.
  3650 | D:4      | Killed a lemure
  3651 | D:4      | Killed a lemure
  3756 | D:4      | 3756 ||| FLEEEEING.
  3757 | D:4      | 3757 ||| STAIRDANCE
  3908 | D:4      | Noticed an ogre
  3914 | D:4      | 3914 ||| INVOKING Fiery Armour.
  3916 | D:4      | HP: 9/41 [ogre/+0 giant spiked club (3)]
  3917 | D:4      | 3917 ||| READING scroll of teleportation.
  3918 | D:4      | 3918 ||| DRINKING potion of heal wounds.
  3919 | D:4      | Killed an ogre
  4136 | D:4      | Found Mucykk's Self-Improvement Boutique.
  4139 | D:4      | 4139 ||| Stepping ~*~*~tactically~*~*~ (stealth).
  4240 | D:4      | Noticed a lemure
  4240 | D:4      | Noticed Pikel
  4250 | D:4      | HP: 10/41 [Pikel/+2 whip of electrocution (4)]
  4251 | D:4      | 4251 ||| INVOKING Fiery Armour.
  4252 | D:4      | HP: 4/41 [lemure[Pikel] (4)]
  4253 | D:4      | Slain by a lemure

Levels and vault maps discovered:
D:1:      shiori_arrival_elements, layout_basic, st_stairs_7
D:2:      layout_basic, serial_shops, shop, basic_altar
D:3:      layout_basic, lightli_temple_of_fire, mainiacjoe_overflow_brackets,
          ebering_ecumenical_altar_petrified, uniq_robin
D:4:      cheibrodos_quashed, layout_loops_ring, nicolae_shop_self_help,
          uniq_blork_the_orc, uniq_pikel

Skill      XL: |  1  2  3  4  5 |
---------------+----------------+-----
Axes           | 3 4 5 |  5.0
Throwing       | 1 |  1.0
Shields        | 1 |  1.1
Armour         | 2 |  2.5
Fighting       | |  3.0
Spellcasting   | |  1.0
Fire Magic     | |  2.6

Action                   |  1- 3 |  4- 6 || total
-------------------------+-------+-------++-------
Melee: Hand axe          |    90 |   103 ||   193
       Punch             |     2 |       ||     2
       War axe           |       |    35 ||    35
Throw: Javelin           |    42 |    36 ||    78
Invok: Fiery Armour      |     2 |     3 ||     5
  Use: Scroll            |     5 |     5 ||    10
       Potion            |     1 |     4 ||     5
Armor: Robe              |    10 |       ||    10
       Ring mail         |     6 |    44 ||    50
       Chain mail        |       |    27 ||    27
Dodge: Dodged            |    50 |    57 ||   107
Block: Other             |     3 |       ||     3
       Buckler           |     2 |    53 ||    55

Table legend:
 A = Non-vault XP
 B = Vault XP
 C = Vault XP percentage of total XP
 D = Non-vault monster count
 E = Vault monster count
 F = Vault count percentage of total count
                 A         B        C        D         E       F
            +---------+---------+-------+---------+---------+-------
      Total |     346 |      31 |   8.2 |      86 |       9 |   9.5
            +---------+---------+-------+---------+---------+-------
        D:1 |      60 |       2 |   3.2 |      35 |       1 |   2.8
        D:2 |      88 |       0 |   0.0 |      22 |       0 |   0.0
        D:3 |      69 |      29 |  29.6 |      20 |       8 |  28.6
        D:4 |     129 |       0 |   0.0 |       9 |       0 |   0.0
            +---------+---------+-------+---------+---------+-------
